 Dungeon Crawl Stone Soup version 0.31-a0-977-gc230f8ef24 (webtiles) character file.

Game seed: 13291781776243860001

244 skwerlee the Skirmisher (level 6, -3/30 (38) HPs)
             Began as a Kobold Hunter on Oct 29, 2023.
             Slain by a killer bee (4 damage)
             ... on level 4 of the Dungeon on Oct 30, 2023.
             The game lasted 00:05:26 (3992 turns).

skwerlee the Skirmisher (Kobold Hunter)             Turns: 3992, Time: 00:05:27

HP:   -3/30 (38)    AC: 12    Str:  8    XL:     6   Next: 32%
MP:   6/6           EV:  2    Int: 11    God:
Gold: 153           SH:  0    Dex: 20    Spells: 5/5 levels left

rFire   . . .        a - +0 shortbow
rCold   . . .        (shield currently unavailable)
rNeg    . . .        d - +0 plate armour
rPois   .            (no helmet)
rElec   .            j - +0 cloak
rCorr   .            l - +0 pair of gloves
SInv    .            (no boots)
Will    .....        (no amulet) Stlth
                     (no ring)
HPRegen 0.25/turn    (no ring)
MPRegen 0.10/turn

%: no passive effects
@: lethally poisoned (-3 -> -9), heavily drained
A: small, no large weapons, nightstalker 3
a: no special abilities


You were on level 4 of the Dungeon.
You visited 1 branch of the dungeon, and saw 4 of its levels.

You collected 153 gold pieces.

Inventory:

Hand Weapons
 a - a +0 shortbow (weapon)
Armour
 d - a +0 plate armour (worn)
 j - a +0 cloak (worn)
 l - a +0 pair of gloves (worn)
Wands
 p - a wand of mindburst (11)
 q - a wand of flame (19)
Scrolls
 b - a scroll of butterflies
 e - a scroll of torment {unknown}
 g - a scroll of teleportation
 i - a scroll of revelation {unknown}
 o - a scroll of amnesia {unknown}
 s - a scroll of enchant weapon {unknown}
Potions
 c - a potion of ambrosia {unknown}
 f - 2 potions of resistance
 h - 2 potions of enlightenment
 k - a potion of haste {unknown}
 m - a potion of degeneration {unknown}
 n - a potion of brilliance {unknown}
 r - a potion of lignification {unknown}


   Skills:
 + Level 3.7 Fighting
 + Level 8.5 Ranged Weapons
 - Level 0.5 Armour
 - Level 2.4 Dodging
 + Level 1.4 Stealth


You had 5 spell levels left.
You didn't know any spells.
Your spell library contained the following spells:

 Spells                   Type           Power      Damage    Failure   Level
 Summon Small Mammal      Summ           0%         N/A       100%        1
 Call Canine Familiar     Summ           0%         N/A       100%        3
 Dazzling Flash           Conj/Hex       0%         N/A       100%        3
 Summon Guardian Golem    Hex/Summ       0%         N/A       100%        3
 Agony                    Necr           0%         N/A       100%        5
 Silence                  Hex/Air        0%         N/A       100%        5


Dungeon Overview and Level Annotations

Branches:
Dungeon (4/15)
 Temple: D:4-7

Altars:
Nemelex Xobeh
Sif Muna


Innate Abilities, Weirdness & Mutations

You are small and have problems with some larger weapons.
You are completely attuned to the shadows.


Message History

Unknown command.
You shoot an arrow. The arrow misses the killer bee.
The arrow hits the killer bee.
The killer bee is moderately wounded.
You hear an angry buzzing noise.
The killer bee stings you but does no damage. x3
A killer bee comes into view.
The killer bee stings you but does no damage.
The killer bee stings you.
You are poisoned.
The killer bee poisons you! The killer bee stings you.
The killer bee barely misses you. The killer bee stings you!
A kobold comes into view. It is wielding a +0 dagger.
You hear a bark!
You hear an angry buzzing noise.
Unknown command.
You are too injured to fight recklessly!
Unknown command.
You are too injured to fight recklessly!
Unknown command.
You feel sick.
You hear a bark!
The killer bee stings you.
* * * LOW HITPOINT WARNING * * *
You are lethally poisoned!
The killer bee poisons you!
The killer bee attacks as it pursues you!
The killer bee stings you but does no damage.
The killer bee barely misses you.
You shoot an arrow. The arrow hits the killer bee.
The killer bee is lightly wounded.
* * * LOW HITPOINT WARNING * * *
You feel very sick.
You hear a bark!
The killer bee stings you but does no damage. x2
The killer bee barely misses you.
The killer bee stings you but does no damage.
A killer bee comes into view.
The killer bee stings you but does no damage. x4
The killer bee stings you.
You die...

....#.
....#.
......
..#. ...
.... ...
#.... #.#
......
#.##
#......
#@y#
#.......
#yy#
##.......
##y#
#......).


#yK ......<)) .y.. ......### ..#.. .....## .....# ...### ... You could see 6
killer bees and a kobold.

Vanquished Creatures
  An orc priest (D:3)
  2 orc wizards (D:3)
  Robin (D:3)
  3 gnolls (D:4)
  5 adders
  2 worms (D:2)
  A dart slug (D:3)
  3 orcs (D:3)
  4 bats
  4 endoplasms
  4 giant cockroaches
  13 goblins
  3 hobgoblins
  4 quokkas (D:2)
  7 ball pythons
  5 frilled lizards
  5 kobolds
  6 rats
73 creatures vanquished.

Notes
Turn   | Place    | Note
-------+----------+-------------------------------------------
     0 | D:1      | skwerlee the Kobold Hunter began the quest for the Orb.
     0 | D:1      | Reached XP level 1. HP: 12/12 MP: 1/1
   213 | D:1      | Reached XP level 2. HP: 11/17 MP: 2/2
   547 | D:1      | Reached skill level 6 in Ranged Weapons
   804 | D:2      | Reached XP level 3. HP: 22/22 MP: 3/3
  1098 | D:2      | Reached XP level 4. HP: 27/27 MP: 4/4
  1347 | D:2      | Found a faded altar of an unknown god.
  1389 | D:2      | Found a sparkling altar of Nemelex Xobeh.
  1518 | D:2      | Reached skill level 7 in Ranged Weapons
  1926 | D:3      | Reached XP level 5. HP: 26/32 MP: 5/5
  2430 | D:3      | Noticed Robin
  2435 | D:3      | Killed Robin
  2498 | D:3      | Reached skill level 8 in Ranged Weapons
  2498 | D:3      | Reached XP level 6. HP: 13/37 MP: 6/6
  2693 | D:3      | Found a shimmering blue altar of Sif Muna.
  3992 | D:4      | HP: 1/30 [poisoned by a killer bee]
  3992 | D:4      | Slain by a killer bee

Illustrated notes

Levels and vault maps discovered:
D:1:      nzn_arrival_depleted_hourglass, layout_loops_cross
D:2:      layout_basic, dreamdust_ecumenical_altar_grove, basic_altar,
          minmay_vboxes
D:3:      layout_loops_ring, kennysheep_orc_sif_temple, uniq_robin
D:4:      layout_cave_pools, lemuel_coloured_pillars_altar,
          minmay_temple_entry_slanted, minivault_24

Skill      XL: |  1  2  3  4  5 |
---------------+----------------+-----
Ranged Weapons | 6 7 8 |  8.5
Fighting       | 3 |  3.7
Armour         | |  0.5
Dodging        | |  2.4
Stealth        | |  1.4

Action                     |  1- 3 |  4- 6 || total
---------------------------+-------+-------++-------
  Melee: Shortbow          |       |     2 ||     2
   Fire: Shortbow          |   103 |   123 ||   226
    Use: Scroll            |       |     3 ||     3
 Armour: Plate armour      |   139 |   205 ||   344
  Dodge: Dodged            |    14 |    20 ||    34

Table legend: (Time is in decaauts)
 A = Elapsed time spent in this place.
 B = Non-inter-level travel time spent in this place.
 C = Inter-level travel time spent in this place.
 D = Time resting spent in this place.
 E = Time spent auto-exploring this place.
 F = Levels seen in this place.
 G = Mean time per level.
                   A        B        C        D        E       F      G
               +--------+--------+--------+--------+--------+-----+--------+
         Total |   4279 |   4107 |    172 |   1294 |   2113 |   4 | 1069.8 |
       Dungeon |   4279 |   4107 |    172 |   1294 |   2113 |   4 | 1069.8 |
               +--------+--------+--------+--------+--------+-----+--------+

Top non-repeatable levels by time:
     D:3: 1892 daAuts
     D:2: 1156 daAuts
     D:1: 836 daAuts
     D:4: 394 daAuts
